 Dungeon Crawl Stone Soup version 0.31-a0-232-gb1c03b2570 (webtiles) character file.

Game seed: 5196051112599430485

238 qw the Shooter (level 5, -1/46 HPs)
             Began as a Minotaur Hexslinger on July 7, 2023.
             Killed from afar by an orc wizard (4 damage)
             ... with a puff of flame
             ... on level 3 of the Dungeon.
             The game lasted 00:01:04 (2897 turns).

qw the Shooter (Minotaur Hexslinger)                Turns: 2897, Time: 00:01:05

Health: -1/46      AC:  5    Str: 12    XL:     5   Next: 78%
Magic:  5/5        EV: 11    Int: 10    God:
Gold:   123        SH:  0    Dex: 15    Spells: 5/6 levels left

rFire   . . .        Y - +1 sling
rCold   . . .        (no shield)
rNeg    . . .        b - +0 ring mail
rPois   .            (helmet restricted)
rElec   .            (no cloak)
rCorr   .            (no gloves)
SInv    .            (no boots)
Will    .....        (no amulet)
Stlth   +            (no ring)
HPRegen 0.27/turn    (no ring)
MPRegen 0.09/turn

%: no passive effects
@: no status effects
A: horns 2, retaliatory headbutt
a: no special abilities


You were on level 3 of the Dungeon.
You visited 1 branch of the dungeon, and saw 6 of its levels.

You collected 123 gold pieces.


Innate Abilities, Weirdness & Mutations

You have a pair of horns on your head.
You reflexively headbutt those who attack you in melee.


   Skills:
 - Level 3.8 Fighting
 + Level 5.4 Ranged Weapons
 - Level 1.8 Armour
 - Level 2.1 Dodging
 - Level 1.0 Spellcasting
 - Level 2.0 Hexes


You had 5 spell levels left.
You knew the following spells:

 Your Spells              Type           Power      Damage    Failure   Level
a - Slow                  Hex            16%        N/A       32%         1

Your spell library contained the following spells:

 Spells                   Type           Power      Damage    Failure   Level
 Inner Flame              Hex/Fire       2%         N/A       83%         3
 Portal Projectile        Hex/Tloc       4%         N/A       83%         3
 Cause Fear               Hex            2%         N/A       97%         4

Inventory:

Hand Weapons
 Y - a +1 sling (weapon)
Armour
 b - a +0 ring mail (worn)
Jewellery
 i - a ring of fire
Scrolls
 d - a scroll of identify
Potions
 a - a potion of heal wounds {unknown}

Dungeon Overview and Level Annotations

Branches:
Dungeon (6/15)
 Temple: D:4-7

Altars:
Ru
Wu Jian


Message History

In your confused state, you trip and fall back down the stairs.
The orc hits you with a +0 club.
The orc wizard gestures at you while chanting.
You are more confused.
The orc misses you.
The orc wizard hits you but does no damage.
The orc hits you but does no damage.
The orc wizard casts a spell.
The orc wizard flickers and vanishes!
Deactivating autopickup; reactivate with Ctrl-A.
The orc hits you with a +0 club.
You hear some strange, mumbled words.
A puff of flame appears from out of thin air!
The puff of flame hits you! Something hits you.
The orc hits you with a +0 club. Something hits you.
The orc closely misses you. The orc closely misses you.
You hear some strange, mumbled words.
Something tries to affect you, but you resist.
You feel less confused. The orc hits you with a +0 club. Something hits you.
2893 ||| STAIRDANCE The orc hits you with a +0 club.
Something completely misses you.
You climb upwards.
Reactivating autopickup.
There is a stone staircase leading down here.
You shoot a sling bullet. The sling bullet hits the orc.
The orc is heavily wounded.
The orc hits you but does no damage. Something hits you but does no damage.
Deactivating autopickup; reactivate with Ctrl-A.
The orc hits you but does no damage. Something hits you.
You shoot a sling bullet.
The sling bullet closely misses the orc.
The orc barely misses you. Something hits you.
You shoot a sling bullet. The sling bullet barely misses the orc.
The orc barely misses you.
You hear some strange, mumbled words.
A puff of flame appears from out of thin air!
The puff of flame hits you.
You die...

#.#..# #.....# # #....# #.....# #
####.# #.....# # ##.######.### #
#......##.# ####
#..###.##.#######...
#.................##
#....#.###..###..... ######
###..@{#.###..###...## .....#
#.....o.............#.
####.#######.#.<....###..###..#..
..##.#.......##.##.####.......##.
#.##.#.####..##...............#..
#.........#..#####.##...#####....
.....#.##.#..#####.##...# ####.
######.##..........##...# ####.
###......####.####...# #....


You could see an orc.

Vanquished Creatures
  A phantom (D:5)
  An orc priest (D:5)
  An orc wizard (D:5)
  3 adders
  2 dart slugs
  2 worms (D:3)
  6 orcs
  6 ball pythons
  6 bats
  5 endoplasms
  3 giant cockroaches
  3 goblins
  5 hobgoblins
  5 jackals
  8 kobolds
  A quokka (D:3)
  5 frilled lizards
  4 rats
67 creatures vanquished.

Notes
Turn   | Place    | Note
-------+----------+-------------------------------------------
     0 | D:1      | qw the Minotaur Hexslinger began the quest for the Orb.
     0 | D:1      | Reached XP level 1. HP: 16/16 MP: 1/1
     0 | D:1      | 0 ||| qw: Version: 0.3-a-46-gb1f654a
     0 | D:1      | 0 ||| qw: Game counter: 2789
     0 | D:1      | 0 ||| qw: Melee chars always use a shield: true
     0 | D:1      | 0 ||| qw: God list: Okawaru
     0 | D:1      | 0 ||| qw: Allow faded altars: false
     0 | D:1      | 0 ||| qw: Do Orc after clearing Dungeon:15 true
     0 | D:1      | 0 ||| qw: Do second Lair branch before Depths: true
     0 | D:1      | 0 ||| qw: Lair rune preference: random
     0 | D:1      | 0 ||| qw: Goals: Normal
     0 | D:1      | 0 ||| PLANNING D:1-11
    65 | D:1      | Reached skill level 3 in Ranged Weapons
    76 | D:1      | Found a faded altar of an unknown god.
    78 | D:1      | Reached XP level 2. HP: 23/23 MP: 2/2
   559 | D:1      | Reached XP level 3. HP: 28/29 MP: 3/3
   627 | D:1      | 627 ||| READING scroll labelled CUEKYPL WAUXE.
   628 | D:1      | 628 ||| READING scroll labelled TOBAYXTOTI.
   629 | D:1      | 629 ||| READING scroll labelled IGGETYKOIDD.
   630 | D:1      | 630 ||| DROPPING scroll of poison.
   649 | D:2      | Found an ornate altar of the Wu Jian Council.
   907 | D:2      | Reached skill level 4 in Ranged Weapons
  1591 | D:2      | 1591 ||| READING scroll labelled GEAMAO ZYUQA.
  1592 | D:2      | 1592 ||| READING scroll labelled FYRRUO LUCIY.
  1597 | D:2      | 1597 ||| READING scroll labelled RAS ALOMARCHI.
  1598 | D:2      | 1598 ||| DRINKING 2 fuming golden potions.
  1645 | D:2      | 1645 ||| READING 2 scrolls of identify.
  1645 | D:2      | 1645 ||| IDENTIFYING ruby potion
  1646 | D:2      | 1646 ||| DROPPING potion of berserk rage.
  1647 | D:2      | 1647 ||| DROPPING potion of lignification.
  1727 | D:3      | Reached XP level 4. HP: 36/36 MP: 4/4
  1729 | D:3      | Identified the +3 whip "Duddae" {holy, rC- Str+2 Dex+4
                  | Stlth+}
  2081 | D:3      | You fall into a shaft and drop 3 floors!
  2117 | D:6      | 2117 ||| UPGRADING to +0 ring mail.
  2127 | D:6      | 2127 ||| DROPPING +0 robe.
  2128 | D:6      | 2128 ||| READING 2 scrolls labelled WEOFUG SOJENI.
  2129 | D:6      | 2129 ||| READING 2 scrolls of identify.
  2129 | D:6      | 2129 ||| IDENTIFYING cyan potion
  2130 | D:6      | 2130 ||| DROPPING scroll of vulnerability.
  2131 | D:6      | 2131 ||| DROPPING potion of brilliance.
  2140 | D:5      | Entered Level 5 of the Dungeon
  2149 | D:5      | Found a sacrificial altar of Ru.
  2162 | D:5      | Reached skill level 1 in Armour
  2221 | D:5      | HP: 9/36 [orc priest/+2 dagger of flaming (2)]
  2222 | D:5      | 2222 ||| READING 3 scrolls of teleportation.
  2225 | D:5      | Reached skill level 5 in Ranged Weapons
  2225 | D:5      | Reached XP level 5. HP: 8/41 MP: 5/5
  2226 | D:5      | 2226 ||| READING 2 scrolls of teleportation.
  2226 | D:5      | HP: 7/41 [orc/boomerang (2)]
  2230 | D:5      | 2230 ||| READING scroll of teleportation.
  2232 | D:5      | HP: 7/41 [adder (1)]
  2233 | D:5      | HP: 3/41 [iguana (5)]
  2393 | D:5      | Noticed a phantom
  2408 | D:5      | Killed a phantom
  2409 | D:5      | Reached skill level 3 in Fighting
  2659 | D:3      | Found Nimom's Assorted Antiques.
  2842 | D:4      | 2842 ||| FLEEEEING.
  2843 | D:4      | 2843 ||| FLEEEEING.
  2844 | D:4      | 2844 ||| FLEEEEING.
  2845 | D:4      | 2845 ||| FLEEEEING.
  2846 | D:4      | 2846 ||| FLEEEEING.
  2847 | D:4      | 2847 ||| FLEEEEING.
  2848 | D:4      | 2848 ||| FLEEEEING.
  2849 | D:4      | 2849 ||| STAIRDANCE
  2876 | D:4      | 2876 ||| STAIRDANCE
  2882 | D:4      | 2882 ||| STAIRDANCE
  2884 | D:4      | 2884 ||| STAIRDANCE
  2893 | D:4      | 2893 ||| STAIRDANCE
  2893 | D:4      | HP: 7/46 [orc/+0 club (5)]
  2896 | D:3      | HP: 3/46 [something (1)]
  2897 | D:3      | Killed from afar by an orc wizard

Levels and vault maps discovered:
D:1:      lightli_arrival_chessboard, layout_loops_ring,
          hellmonk_ecumenical_altar_crossroads
D:2:      layout_loops_corners, basic_altar, kennysheep_flooded_box,
          roderic_serpentine_path, skrybe_limestone_x
D:3:      layout_loops_cross, serial_shops, shop, minmay_misc_feat_room
D:4:      layout_loops_ring, nicolae_half_adder, uniq_duvessa
D:5:      layout_basic, nicolae_ru_great_annihilating_truth,
          minmay_temple_entry_overgrown, serial_shops, nicolae_shop_scrapyard
D:6:      layout_basic, uniq_sigmund

Skill      XL: |  1  2  3  4  5 |
---------------+----------------+-----
Ranged Weapons | 3 4 5 |  5.4
Fighting       | 2 3 |  3.8
Armour         | 1 |  1.8
Dodging        | |  2.1
Spellcasting   | |  1.0
Hexes          | |  2.0

Action                     |  1- 3 |  4- 6 || total
---------------------------+-------+-------++-------
   Fire: Sling             |   113 |   129 ||   242
    Use: Scroll            |     7 |     5 ||    12
         Potion            |     1 |       ||     1
 Armour: Robe              |     5 |     2 ||     7
         Ring mail         |       |    29 ||    29
  Dodge: Dodged            |    28 |    51 ||    79

Table legend:
 A = Non-vault XP
 B = Vault XP
 C = Vault XP percentage of total XP
 D = Non-vault monster count
 E = Vault monster count
 F = Vault count percentage of total count
                 A         B        C        D         E       F
            +---------+---------+-------+---------+---------+-------
      Total |     299 |      41 |  12.1 |      63 |       4 |   6.0
            +---------+---------+-------+---------+---------+-------
        D:1 |      41 |       0 |   0.0 |      23 |       0 |   0.0
        D:2 |      38 |       0 |   0.0 |      17 |       0 |   0.0
        D:3 |      41 |       0 |   0.0 |      13 |       0 |   0.0
        D:4 |      16 |       0 |   0.0 |       3 |       0 |   0.0
        D:5 |     163 |      41 |  20.1 |       7 |       4 |  36.4
            +---------+---------+-------+---------+---------+-------
